 Dungeon Crawl Stone Soup version 0.18.1-8-gdd0e5ea (webtiles) character file.

137 Denchik the Covered (level 4, 0/38 HPs)
             Began as a Demigod Fighter on May 28, 2016.
             Slain by a ball python (1 damage)
             ... in a sewer.
             The game lasted 00:06:52 (2275 turns).

Denchik the Covered (Demigod Fighter)               Turns: 2275, Time: 00:06:53

Health: 0/38       AC:  7    Str: 26    XL:     4   Next: 69%
Magic:  6/6        EV:  4    Int: 12    God:
Gold:   198        SH: 10    Dex: 15    Spells: 0 memorised, 3 levels left

rFire  . . .     SeeInvis .     a - +0 long sword
rCold  . . .     Gourm    .     b - +0 scale mail
rNeg   . . .     Faith    .     c - +0 shield
rPois  .         Spirit   .     (no helmet)
rElec  .         Dismiss  .     (no cloak)
rCorr  .         Reflect  .     (no gloves)
SustAt +         Harm     .     (no boots)
MR     .....                    (no amulet)
Stlth  ..........               (no ring)
                                (no ring)

@: mighty, flying, constricted, not resistant to hostile enchantments, extremely
unstealthy
A: high mp 1, sustain attributes
a: no special abilities


You were in a sewer.
You were not hungry.

You visited 1 branch of the dungeon, and saw 4 of its levels.
You also visited: Sewer.

You collected 198 gold pieces.

Inventory:

Hand Weapons
 a - a +0 long sword (weapon)
Armour
 b - a +0 scale mail (worn)
 c - a +0 shield (worn)
Jewellery
 q - an uncursed amulet of dismissal {unknown}
Scrolls
 e - a scroll of enchant armour {unknown}
 i - a scroll of recharging {unknown}
 l - 2 scrolls of blinking {unknown}
 m - a scroll of noise {unknown}
 n - a scroll of enchant weapon {unknown}
 t - a scroll of magic mapping {unknown}
 u - a scroll of identify {unknown}
Potions
 d - 2 potions of might
Books
 p - a book of Spatial Translocations

   Spells                             Type                      Level
   a - Apportation                    Translocation                1
   b - Blink                          Translocation                2
   c - Shroud of Golubria             Charms/Translocation         2
   d - Portal Projectile              Translocation                3
   e - Teleport Other                 Translocation                3
   f - Passage of Golubria            Translocation                4
Comestibles
 f - a bread ration
 h - 2 meat rations
 k - a royal jelly
 s - a beef jerky
 v - 4 chunks of flesh


   Skills:
 + Level 3.0 Fighting
 * Level 2.8 Long Blades
 * Level 3.9 Armour
 + Level 3.4 Shields


You had 3 spell levels left.
You didn't know any spells.

Dungeon Overview and Level Annotations

Branches:
Dungeon (4/15)
 Temple: D:4-7

Annotations:
D:4 Blork the orc, Pikel Sewer Purgy


Innate Abilities, Weirdness & Mutations

You have an increased reservoir of magic (+10% MP).
Your attributes are resistant to harm.


Message History

Purgy barely misses you. Purgy claws you but does no damage. Purgy claws you.
The ball python bites you but does no damage.
The ball python grabs you. The ball python constricts you.
You block the giant newt's attack.
The ball python bites you but does no damage.
The ball python constricts you. Purgy bites you.
* * * LOW HITPOINT WARNING * * *
Purgy claws you but does no damage. You block Purgy's attack.
You slash Purgy!
Purgy is moderately wounded.
You block the giant newt's attack. The ball python barely misses you.
* * * LOW HITPOINT WARNING * * *
The ball python constricts you. Purgy bites you.
* * * LOW HITPOINT WARNING * * *
Purgy completely misses you. Purgy claws you but does no damage.
You closely miss Purgy.
Purgy is moderately wounded.
The giant newt bites you but does no damage.
You block the ball python's attack.
You die...

####≈#≈≈## ##≈≈##
#≈≈≈≈≈≈≈≈##≈≈≈≈≈≈#
≈≈≈≈≈≈≈≈≈≈≈≈≈≈≈≈≈≈≈
≈≈≈≈≈≈≈≈≈≈≈≈≈≈≈≈≈≈≈
≈S≈≈≈≈≈≈≈≈≈≈≈≈≈≈≈≈≈≈≈
≈≈≈≈≈≈≈≈≈≈≈≈≈≈≈≈≈≈≈≈≈#
≈≈≈≈≈≈≈≈S≈≈≈≈≈≈≈≈≈≈≈≈##
≈≈≈≈≈≈.≈T@≈≈≈≈≈≈≈≈≈≈≈≈##
≈≈≈≈≈≈###.l≈≈≈≈≈≈≈≈≈≈≈≈≈
≈≈≈≈. ###≈≈≈≈≈≈≈≈≈≈≈≈#
≈≈≈# #.≈≈≈≈≈≈≈≈≈≈≈≈# ≈≈
##.≈.≈≈≈≈≈≈≈≈≈≈ #
####≈.≈≈≈≈≈≈≈≈
#.≈≈≈≈≈≈≈≈≈ #.#≈≈≈≈≈≈≈#
###.≈≈≈≈≈≈≈


You could see Purgy, a ball python and a giant newt.

Vanquished Creatures
  5 adders
  2 worms (D:2)
  3 dart slugs
  4 giant geckos (D:3)
  6 giant cockroaches
  7 goblins
  10 hobgoblins
  6 jackals
  7 kobolds
  2 quokkas
  3 ball pythons
  7 bats
  3 giant newts
  8 rats
73 creatures vanquished.

Notes
Turn   | Place    | Note
--------------------------------------------------------------
     0 | D:1      | Denchik the Demigod Fighter began the quest for the Orb.
     0 | D:1      | Reached XP level 1. HP: 18/18 MP: 3/3
   153 | D:1      | Reached XP level 2. HP: 24/25 MP: 4/4
   392 | D:1      | Reached XP level 3. HP: 18/30 MP: 5/5
  1382 | D:2      | Reached XP level 4. HP: 26/37 MP: 6/6
  1551 | D:2      | You fall through a shaft for 2 floors!
  1551 | D:4      | Noticed Blork the orc
  1551 | D:4      | Noticed Pikel
  1551 | D:4      | Noticed a slave
  1551 | D:4      | Noticed a slave
  1551 | D:4      | Noticed a slave
  1553 | D:4      | Noticed a slave
  1554 | D:4      | Noticed an ogre
  1820 | D:3      | Found a white marble altar of Elyvilon.
  2215 | D:3      | Found a glowing drain.
  2226 | Sewer    | Entered a sewer
  2254 | Sewer    | Noticed Purgy
  2269 | Sewer    | HP: 1/38 [Purgy (7)]
  2274 | Sewer    | HP: 1/38 [Purgy (5)]
  2275 | Sewer    | Slain by a ball python

Skill      XL: |  1  2  3  4 |
---------------+-------------+-----
Long Blades    | 2 |  2.8
Armour         | 3 |  3.9
Shields        | 3 |  3.4
Fighting       | 3 |  3.0

Action                   |  1- 3 |  4- 6 || total
-------------------------+-------+-------++-------
Melee: Long sword        |   147 |   124 ||   271
  Use: Potion            |       |     5 ||     5
  Eat: Chunk             |     2 |     3 ||     5
Armor: Scale mail        |   103 |   133 ||   236
Dodge: Dodged            |    70 |    85 ||   155
Block: Shield            |   111 |   147 ||   258
